 Dungeon Crawl Stone Soup version 0.23.2-30-g0e89c35649 (webtiles) character file.

Game seed: 14042174888306241469

205 cab the Digger (level 5, -3/28 HPs)
             Began as a Gargoyle Earth Elementalist on June 10, 2019.
             Killed from afar by Sigmund (9 damage)
             ... with a puff of flame
             ... on level 3 of the Dungeon.
             The game lasted 00:11:10 (3498 turns).

cab the Digger (Gargoyle Earth Elementalist)        Turns: 3498, Time: 00:11:12

Health: -3/28      AC:  6    Str: 12    XL:     5   Next: 83%
Magic:  7/8        EV: 12    Int: 16    God:
Gold:   110        SH:  0    Dex: 10    Spells: 4/8 levels left

rFire    . . .     SeeInvis .   u - +0 whip
rCold    . . .     Gourm    .   (no shield)
rNeg     + . .     Faith    .   c - +0 robe
rPois    ∞         Spirit   .   (no helmet)
rElec    +         Reflect  .   (no cloak)
rCorr    .         Harm     .   (no gloves)
MR       .....                  (no boots)
Stlth    ++........             (no amulet)
HPRegen  0.09/turn              (no ring)
MPRegen  0.11/turn              (no ring)

@: no status effects
A: negative energy resistance 1, electricity resistance, unbreathing,
petrification resistance, rot immunity, AC +4
a: no special abilities


You were on level 3 of the Dungeon.
You were not hungry.

You visited 1 branch of the dungeon, and saw 3 of its levels.

You collected 110 gold pieces.

Inventory:

Hand Weapons
 g - a cursed -2 hand axe
 i - a +0 dagger
 k - a +0 hunting sling
 t - a +0 hunting sling
 u - a +0 whip (weapon)
Missiles
 a - 20 bolts
 b - 59 stones (quivered)
 l - 20 arrows
Armour
 c - a +0 robe (worn)
Magical Staves
 r - an uncursed staff of cold {unknown}
Scrolls
 h - a scroll of identify {unknown}
 n - a scroll of fear
Potions
 e - a potion of resistance {unknown}
 j - a potion of haste {unknown}
 m - a potion of cancellation {unknown}
 o - a potion of berserk rage {unknown}
 p - a potion of mutation {unknown}
 q - a potion of flight {unknown}
Comestibles
 d - 4 rations
 f - 3 chunks of flesh


   Skills:
 - Level 0.1 Maces & Flails
 - Level 1.5 Dodging
 - Level 2.1 Stealth
 - Level 0.4 Unarmed Combat
 - Level 2.0 Spellcasting
 + Level 3.3 Conjurations
   Level 0.7 Transmutations
 + Level 6.3 Earth Magic


You had 4 spell levels left.
You knew the following spells:

 Your Spells              Type           Power        Failure   Level  Hunger
a - Sandblast             Erth           ###...       1%          1    #......
b - Stone Arrow           Conj/Erth      ###...       9%          3    ###....

Your spell library contained the following spells:

 Spells                   Type           Power        Failure   Level  Hunger
 Passwall                 Tmut/Erth      ##......     8%          2    ###....
 Petrify                  Tmut/Erth      ##......     43%         4    #####..
 Lee's Rapid Deconstruct  Erth           ###.......   38%         5    ######.


Dungeon Overview and Level Annotations

Branches:
Dungeon (3/15)

Altars:
Ru

Annotations:
D:3 Sigmund


Innate Abilities, Weirdness & Mutations

You are resistant to torment.
Your stone body is resilient. (AC +4)
You are immune to poison.
You resist negative energy. (rN+)
You are resistant to electric shocks. (rElec)
You can survive without breathing.
You are immune to petrification.
You are immune to rotting.


Message History

Sigmund mumbles some strange words.
Sigmund flickers and vanishes!
Deactivating autopickup; reactivate with Ctrl-A.
You hear a zap.
Something tries to affect you, but you resist.
You barely miss something. Something hits you.
You closely miss something. Something hits you.
You hit something. You hit something. Something hits you! Something hits you.
* * * LOW HITPOINT WARNING * * *
Items here: %% ) ÷÷ †
Things that are here:
a +0 short sword; an orc skeleton You see here a cursed -3 club.
You hear a zap.
Something tries to affect you, but you resist.
A puff of flame appears from out of thin air!
The puff of flame hits you!
You die...

###.# #.###.. ##...##
....#..## #..#..# ........#
#.###.# .......# #..#..#
.....# ##...## # #...# ##.##
.##.#...################..#
........÷.).).).@..)...)#.#
..#.....###############[#.####
.r.......# #.#.##..
..........# #)#.##.#
.......##.# #.#)##.# #####.#
.# #.#.##.# ## .# #.#.##.# .
#)#.##.# # #)#.##.####


There were no monsters in sight!

Vanquished Creatures
  A scorpion (D:2)
  Robin (D:3)
  4 adders
  3 oozes
  3 worms
  A dart slug (D:1)
  3 leopard geckos
  3 orcs (D:3)
  12 hobgoblins
  8 jackals
  5 kobolds
  2 quokkas (D:2)
  9 bats
  4 frilled lizards
  12 goblins
  11 rats
82 creatures vanquished.

Notes
Turn   | Place    | Note
-------+----------+-------------------------------------------
     0 | D:1      | cab the Gargoyle Earth Elementalist began the quest for the
                  | Orb.
     0 | D:1      | Reached XP level 1. HP: 10/10 MP: 3/3
   224 | D:1      | Reached skill level 4 in Earth Magic
   314 | D:1      | Reached XP level 2. HP: 15/15 MP: 5/5
   775 | D:1      | Reached XP level 3. HP: 10/19 MP: 4/6
   973 | D:1      | Reached skill level 5 in Earth Magic
   979 | D:1      | Learned a level 3 spell: Stone Arrow
  1641 | D:2      | Reached skill level 1 in Conjurations
  1738 | D:2      | Found a sacrificial altar of Ru.
  1750 | D:2      | Reached XP level 4. HP: 24/24 MP: 5/7
  2181 | D:2      | Reached XP level 5. HP: 28/28 MP: 3/8
  2232 | D:2      | Reached skill level 6 in Earth Magic
  3080 | D:3      | Noticed Robin
  3110 | D:3      | Killed Robin
  3484 | D:3      | Noticed Sigmund
  3498 | D:3      | Killed from afar by Sigmund

Skill      XL: |  1  2  3  4  5 |
---------------+----------------+-----
Earth Magic    | 4 5 6 |  6.3
Conjurations   | 1 2 3 |  3.3
Maces & Flails | |  0.1
Dodging        | |  1.5
Stealth        | |  2.1
Unarmed Combat | |  0.4
Spellcasting   | |  2.0
Transmutations | |  0.7

Action                   |  1- 3 |  4- 6 || total
-------------------------+-------+-------++-------
Melee: Unarmed           |    39 |       ||    39
       Club              |    72 |   172 ||   244
       Whip              |       |    37 ||    37
 Cast: Sandblast         |    11 |    25 ||    36
       Stone Arrow       |       |     2 ||     2
  Use: Scroll            |     4 |       ||     4
 Stab: Sleeping          |     3 |     2 ||     5
  Eat: Chunk             |     3 |     7 ||    10
Armor: Robe              |    47 |    84 ||   131
Dodge: Dodged            |    86 |   154 ||   240
